 Dungeon Sprint DCSS version 0.29.1-13-g9f3cf754e1 (webtiles) character file.

Game seed: 12906955450289662924

9793 Groucho the Ninja (level 11, 54/54 HPs)
             Began as a Felid Berserker on Feb 5, 2023.
             Was the Champion of Trog.
             Got out of the dungeon alive.
             The game lasted 00:11:46 (4493 turns).

Groucho the Ninja (Felid Berserker)                 Turns: 4493, Time: 00:11:47

Health: 54/54      AC:  3    Str: 15    XL:     11   Next: 27%
Magic:  12/12      EV: 31    Int: 10    God:    Trog [******]
Gold:   2452       SH:  0    Dex: 17    Spells: 10/10 levels left
                                        Lives:  1   Deaths: 1

rFire   + . .      SeeInvis +     - Unarmed
rCold   + . .      Faith    .   (shield unavailable)
rNeg    . . .      Spirit   .   (body armour unavailable)
rPois   +          Reflect  .   (helmet unavailable)
rElec   .          Harm     .   (cloak unavailable)
rCorr   .          Rampage  .   (gloves unavailable)
Will    +....      NoTele   +   (boots unavailable)
Stlth   ++++++++++              (no amulet)
HPRegen 0.18/turn               n - ring of protection from fire
MPRegen 0.13/turn               r - ring of poison resistance

@: quick
A: very small, claws 1, fangs 3, see invisible, speed 1, shaggy fur 3, stealthy
paws, no weapons or thrown items, no armour, multi-lived, horns 1, frail 1,
screaming 1
a: Renounce Religion, Berserk, Trog's Hand, Brothers in Arms


You escaped.
You worshipped Trog.
Trog was exalted by your worship.
You visited 1 branch You collected 2947 gold pieces.
You spent 495 gold pieces at shops.

Inventory:

Jewellery
 i - a ring of magical power
 n - a ring of protection from fire (left paw)
 r - a ring of poison resistance (right paw)
 s - a ring of protection from fire
Wands
 g - a wand of iceblast (5)
 q - a wand of quicksilver (6)
Scrolls
 k - a scroll of torment {unknown}
 l - 3 scrolls of identify {unknown}
 m - a scroll of magic mapping {unknown}
 o - 2 scrolls of butterflies {unknown}
 p - a scroll of enchant armour {unknown}
Potions
 a - 2 potions of curing
 b - a potion of ambrosia {unknown}
 c - a potion of haste
 d - 2 potions of magic
 e - a potion of berserk rage
 f - a potion of brilliance
 h - a potion of lignification {unknown}
 j - 2 potions of mutation
 t - a potion of cancellation {unknown}


   Skills:
 + Level 14.7 Fighting
 + Level 18.8 Dodging
 O Level 27 Stealth
 + Level 14.7 Unarmed Combat


You had 10 spell levels left.
You didn't know any spells.
Your spell library was empty.

Dungeon Overview and Level Annotations

Branches:
Dungeon (1/1)

Altars:
Cheibriados
Dithmenos
Elyvilon
Fedhas
Gozag
Hepliaklqana
Kikubaaqudgha
Makhleb
Nemelex Xobeh
Okawaru
Qazlal
Ru
Sif Muna
Trog
Uskayaw
Vehumet
Wu Jian
Xom
Yredelemnul
Zin
The Shining One
Jiyva
Lugonu

Shops:
D *?(=[=[([[!!?**[?=


Innate Abilities, Weirdness & Mutations

You have sharp claws.
You have razor-sharp teeth.
You have supernaturally acute eyesight. (SInv)
You cover ground quickly. (Speed+)
Your thick and shaggy fur keeps you warm. (AC +3, rC+)
Your paws help you pounce on unaware monsters.
You are incapable of wielding weapons or throwing items.
You cannot wear armour.
You gain extra lives every three experience levels.
You have a pair of small horns on your head.
You are frail. (-10% HP)
You occasionally shout uncontrollably at your foes.


Message History

Press: ? - help, Shift-Dir - straight line Unknown command.
There is an open door, spattered with blood here.
Things that are here:
a +0 great sword of flaming; a fire giant skeleton You see here a +0 great sword of flaming.
You open the door.
Found a knobbly smoking staff.
You close the door.
Things that are here:
a +0 great sword of flaming; the felid skeleton of Groucho
There is an open door here.
Search for what [Enter for "fire", or ? for help]? dig Can't find anything matching that.
Unknown command.
There is an open door here.
Really walk into a travel-excluded area? [Y]es or [N]o only, please.
Really walk into a travel-excluded area?
There is an open door here.
You can't go up here!
There is an open door here.
There is an open door here.
You see here a +0 mace.
There is an open door here.
There is an open door here.
There is an open door here.
Things that are here:
a +2 scythe of flaming; a +0 robe
There is an open door here.
You see here a +0 giant spiked club.
There is an open door here.
There is an open door here.
Things that are here:
a +0 club; a +0 ring mail
There is a staircase leading out of the dungeon here.
Are you sure you want to leave the Dungeon?
This will make you lose the game!
Alright, then stay!
Are you sure you want to leave the Dungeon?
This will make you lose the game!
You have escaped!

##################
#@.#..'..#.)'..#__
#..)..#.)'..#..'..
#..#####+#####'#__
#..####..#...#:###
#..#__####..##)#~~
#..#_____##'#_§'§~
#⌠⌠#_.∩...'..._#§~
####_..__##_.#§##+
#_____###'#.#..


There were no monsters in sight!

Vanquished Creatures
  A golden dragon (D)
  A shadow dragon (D)
  3 fire giants (D)
  A lorocyproca (D)
  A hydra (D)
  2 centaur warriors (D)
  Sonja (D)
  A deep troll (D)
  A lindwurm (D)
  An oklob plant (D)
  5 unseen horrors (D)
  2 kobold demonologists (D)
  A demonic crawler (D)
  A hornet (D)
  A slime creature (D)
  Sigmund (D)
  A yak (D)
  13 hogs (D)
  2 redbacks (D)
  3 floating eyes (D)
  An ogre (D)
  6 necrophages (D)
  6 jellies (D)
  Ijyb (D)
  A ballistomycete spore (D)
58 creatures vanquished.

Vanquished Creatures (collateral kills)
  A fire giant (D)
  A gargoyle (D)
  3 demonic crawlers (D)
  2 unseen horrors (D)
  A necrophage (D)
  2 jellies (D)
10 creatures vanquished.

Vanquished Creatures (others)
  A ballistomycete spore (D)
1 creature vanquished.

Grand Total: 69 creatures vanquished

Notes
Turn   | Place    | Note
-------+----------+-------------------------------------------
     0 | D        | Groucho the Felid Berserker began the quest for the Orb.
     0 | D        | Reached XP level 1. HP: 10/10 MP: 2/2
     1 | D        | Noticed Ijyb
     6 | D        | Killed Ijyb
     7 | D        | Reached skill level 7 in Stealth
     7 | D        | Reached XP level 2. HP: 14/14 MP: 3/3
    38 | D        | Noticed an ogre
    40 | D        | Killed an ogre
    41 | D        | Reached skill level 12 in Stealth
    41 | D        | Reached XP level 3. HP: 17/17 MP: 4/4
    41 | D        | Reached XP level 4. HP: 21/21 MP: 5/5
    54 | D        | Noticed Sigmund
    56 | D        | Killed Sigmund
    56 | D        | Reached ** piety under Trog
    57 | D        | Reached skill level 16 in Stealth
    57 | D        | Reached XP level 5. HP: 24/24 MP: 6/6
    69 | D        | Found a shimmering blue altar of Sif Muna.
    70 | D        | Found an ornate altar of the Wu Jian Council.
    71 | D        | Found a radiant altar of Vehumet.
    78 | D        | Gained mutation: You are covered in thick fur. (AC +2)
                  | [Felid growth]
    78 | D        | Reached XP level 6. HP: 4/28 MP: 7/7
   646 | D        | Found Wal Taha's Magic Scroll Emporium.
   646 | D        | Found an ancient bone altar of Kikubaaqudgha.
   646 | D        | Found a hazy altar of Hepliaklqana.
   646 | D        | Found a stormy altar of Qazlal.
   646 | D        | Found a hide-covered altar of Uskayaw.
   646 | D        | Found a blossoming altar of Fedhas.
   646 | D        | Found a bloodstained altar of Trog.
   646 | D        | Found an iron altar of Okawaru.
   646 | D        | Found a basalt altar of Yredelemnul.
   646 | D        | Found a glowing golden altar of the Shining One.
   646 | D        | Found a snail-covered altar of Cheibriados.
   646 | D        | Found a sacrificial altar of Ru.
   646 | D        | Found a glowing silver altar of Zin.
   646 | D        | Found a shadowy altar of Dithmenos.
   646 | D        | Found a white marble altar of Elyvilon.
   646 | D        | Noticed a yak
   647 | D        | Found an opulent altar of Gozag.
   648 | D        | Killed a yak
   649 | D        | Reached skill level 17 in Stealth
   649 | D        | Found a sparkling altar of Nemelex Xobeh.
   683 | D        | Noticed a centaur warrior
   683 | D        | Noticed a centaur warrior
   684 | D        | Killed a centaur warrior
   685 | D        | Reached skill level 19 in Stealth
   685 | D        | Reached XP level 7. HP: 35/35 MP: 8/8
   685 | D        | Reached XP level 8. HP: 39/39 MP: 9/9
   685 | D        | Killed a centaur warrior
   685 | D        | Reached *** piety under Trog
   686 | D        | Reached skill level 20 in Stealth
   694 | D        | Noticed a hornet
   697 | D        | Killed a hornet
   698 | D        | Reached skill level 10 in Dodging
   698 | D        | Reached skill level 21 in Stealth
   707 | D        | Noticed an oklob plant
   709 | D        | Killed an oklob plant
   710 | D        | Reached XP level 9. HP: 44/44 MP: 10/10
   724 | D        | Reached **** piety under Trog
   725 | D        | Reached skill level 22 in Stealth
  1063 | D        | Noticed an unseen horror
  1065 | D        | Noticed an unseen horror
  1070 | D        | Killed an unseen horror
  1077 | D        | Killed an unseen horror
  1081 | D        | Reached ***** piety under Trog
  1164 | D        | Reached skill level 23 in Stealth
  1215 | D        | Identified the +2 quarterstaff "Buny" {drain, rElec}
  1230 | D        | Found Kofocw's Jewellery Shoppe.
  1230 | D        | Found Ibuyc's Antique Weapon Shop.
  1230 | D        | Found Devet's Armour Boutique.
  1232 | D        | Found Adwaul's Jewellery Emporium.
  1232 | D        | Found Keotrint's Armour Shop.
  1232 | D        | Found Deecra's Weapon Shoppe.
  1232 | D        | Found Dapsudel's Armour Boutique.
  1232 | D        | Found Heep's Armour Emporium.
  1232 | D        | Found Xoxzoune's Distillery.
  1232 | D        | Found Hurelaosuot's Distillery.
  1236 | D        | Found Wulaid's Magic Scroll Boutique.
  1237 | D        | Found Zuecif's Assorted Antiques.
  1237 | D        | Found Idaeric's Assorted Antiques.
  1238 | D        | Found Ungonaekk's Magic Scroll Emporium.
  1299 | D        | Noticed a deep troll
  1301 | D        | Killed a deep troll
  1302 | D        | Reached XP level 10. HP: 48/51 MP: 11/11
  1313 | D        | Found Zucoisi's Armour Emporium.
  1325 | D        | Noticed Sonja
  1328 | D        | Killed Sonja
  1328 | D        | Reached ****** piety under Trog
  1329 | D        | Reached skill level 10 in Fighting
  1329 | D        | Reached skill level 24 in Stealth
  1329 | D        | Reached skill level 10 in Unarmed Combat
  1342 | D        | Found Dotiutik's Assorted Antiques.
  1620 | D        | Found a burning altar of Makhleb.
  1620 | D        | Found a shimmering altar of Xom.
  1621 | D        | Found a viscous altar of Jiyva.
  1621 | D        | Found a corrupted altar of Lugonu.
  1658 | D        | Noticed a gargoyle
  1660 | D        | Reached skill level 25 in Stealth
  1663 | D        | Killed a gargoyle
  1748 | D        | Noticed a lindwurm
  1757 | D        | Killed a lindwurm
  1821 | D        | Reached XP level 11. HP: 55/55 MP: 12/12
  1846 | D        | Reached skill level 26 in Stealth
  1861 | D        | Reached skill level 15 in Dodging
  2013 | D        | Noticed a 12-headed hydra
  2015 | D        | Killed a 12-headed hydra
  2625 | D        | Noticed a shadow dragon
  2625 | D        | Noticed a golden dragon
  2658 | D        | Killed a shadow dragon
  2808 | D        | Killed a golden dragon
  2809 | D        | Reached skill level 27 in Stealth
  2868 | D        | Found Veorphio's Jewellery Shoppe.
  2887 | D        | Bought a ring of poison resistance for 220 gold pieces
  2887 | D        | Bought a ring of protection from fire for 275 gold pieces
  2954 | D        | Noticed a lorocyproca
  2960 | D        | Killed a lorocyproca
  3295 | D        | Gained mutation: You occasionally shout uncontrollably at
                  | your foes. [potion of mutation]
  3295 | D        | Gained mutation: You are frail. (-10% HP) [potion of
                  | mutation]
  3295 | D        | Gained mutation: You have a pair of small horns on your
                  | head. [potion of mutation]
  3506 | D        | Noticed a daeva
  4043 | D        | Noticed a fire giant
  4057 | D        | Killed a fire giant
  4061 | D        | Noticed a fire giant
  4069 | D        | Killed a fire giant
  4070 | D        | Gained mutation: Your thick and shaggy fur keeps you warm.
                  | (AC +3, rC+) [Felid growth]
  4070 | D        | Reached XP level 12. HP: 28/57 MP: 13/13
  4115 | D        | Noticed a fire giant
  4122 | D        | Killed a fire giant
  4122 | D        | Noticed a fire giant
  4124 | D        | Demolished by a fire giant
  4125 | D        | Reached XP level 11. HP: -15/81 MP: 12/12
  4179 | D        | Killed a fire giant
  4493 | D        | Got out of the dungeon alive.

Illustrated notes

Levels and vault maps discovered:
D:        dungeon_sprint_1 [red_sonja_temple_1, red_sonja_temple_small_1]

Skill      XL: |  1  2  3  4  5  6  7  8  9 10 11 |
---------------+----------------------------------+-----
Stealth        | 7 12 16 19 21 23 25 27 | 27.0
Fighting       | 6 8 9 11 14 | 14.7
Dodging        | 8 10 12 14 18 | 18.8
Unarmed Combat | 6 8 9 11 14 | 14.7

Action                   |  1- 3 |  4- 6 |  7- 9 | 10-12 || total
-------------------------+-------+-------+-------+-------++-------
Melee: Unarmed           |     5 |     6 |    51 |   104 ||   166
       Punch             |     1 |       |     5 |     5 ||    11
       Bite              |       |       |     6 |    12 ||    18
       Headbutt          |       |       |       |    10 ||    10
Invok: Berserk           |     1 |       |       |     5 ||     6
       Brothers in Arms  |       |       |     1 |     6 ||     7
       Trog's Hand       |       |       |     1 |     8 ||     9
Evoke: Wand              |       |       |       |     1 ||     1
  Use: Scroll            |       |     1 |       |       ||     1
       Potion            |       |       |       |     5 ||     5
 Stab: Sleeping          |     1 |     3 |    12 |    17 ||    33
       Distracted        |       |       |     1 |       ||     1
Armor: Skin              |       |       |     1 |     2 ||     3
Dodge: Dodged            |     1 |     2 |    36 |   117 ||   156
